[ AOE2 MATCH · #506213305 ]
UnrankedMongols vs Mongols
Player's team · WIN
Rival team · LOSS
[ REPLAY ANALYSIS · EXTRACTED FROM THE RECORDED GAME ]
Feudal
8:36
Castle
22:34
Imperial
37:46
| APM avg | 45.8 |
| APM peak | 99 |
| eAPM avg | 28.4 |
| Villagers / military | 154 / 386 |
Focus
⚔️ 40.0% · 🌾 60.0%
Mangudai ×175 · Scout Cavalry ×130 · Mangonel ×28 · Skirmisher ×13 · Battering Ram ×12 · Trebuchet (Packed) ×10
Feudal
9:18
Castle
22:07
Imperial
39:51
| APM avg | 62.0 |
| APM peak | 139 |
| eAPM avg | 30.7 |
| Villagers / military | 164 / 429 |
Focus
⚔️ 35.0% · 🌾 65.0%
Cavalry Archer ×223 · Scout Cavalry ×172 · Archer ×26 · Trebuchet (Packed) ×4 · Monk ×2 · Spearman ×2
Match map
Initial resources + every placement click. Lines = walls · curves = elevation contours. ◆ gold · ⬟ stone · ● berries · ✦ relic · ◌ wall gap
Your base· ✓ Closed at 22:34 · 35t walls · no gate
JustPlayer's base· ✓ Closed at 22:07 · 34t walls · no gate
Smoothed initial terrain · ◌ = detected wall gap · hover for details
Inputs per minute
— HellionBlue - - JustPlayer
Build order — HellionBlue
First 150 of 611 actions detected
| 0:01 | Queue | Villager (Male) |
| 0:01 | Queue | Villager (Male) |
| 0:02 | Build | House |
| 0:02 | Queue | Villager (Male) |
| 0:04 | Build | House |
| 0:20 | Queue | Villager (Male) |
| 0:21 | Queue | Villager (Male) |
| 1:40 | Queue | Villager (Male) |
| 2:09 | Queue | Villager (Male) |
| 2:09 | Queue | Villager (Male) |
| 2:09 | Queue | Villager (Male) |
| 2:32 | Queue | Villager (Male) |
| 2:33 | Queue | Villager (Male) |
| 2:33 | Queue | Villager (Male) |
| 2:42 | Build | Lumber Camp |
| 3:19 | Queue | Villager (Male) |
| 3:19 | Queue | Villager (Male) |
| 3:19 | Queue | Villager (Male) |
| 3:20 | Queue | Villager (Male) |
| 3:49 | Queue | Villager (Male) |
| 4:03 | Build | House |
| 4:22 | Queue | Villager (Male) |
| 4:39 | Queue | Villager (Male) |
| 4:56 | Research | Loom |
| 5:00 | Queue | Villager (Male) |
| 5:19 | Build | Mill |
| 5:36 | Queue | Villager (Male) |
| 5:37 | Queue | Villager (Male) |
| 5:45 | Research | Loom |
| 5:45 | Queue | Villager (Male) |
| 6:17 | Research | Feudal Age |
| 6:17 | Research | Feudal Age |
| 6:58 | Build | House |
| 7:00 | Build | Palisade Wall |
| 7:30 | Build | Barracks |
| 7:36 | Queue | Villager (Male) |
| 7:36 | Queue | Villager (Male) |
| 7:56 | Queue | Villager (Male) |
| 8:36 | Age | Feudal Age |
| 8:38 | Build | Stable |
| 8:44 | Queue | Spearman |
| 8:47 | Build | Palisade Wall |
| 8:50 | Build | Palisade Wall |
| 9:04 | Build | Palisade Wall |
| 9:18 | Queue | Villager (Male) |
| 9:19 | Research | Double-Bit Axe |
| 9:20 | Research | Double-Bit Axe |
| 9:28 | Queue | Spearman |
| 9:42 | Build | Mill |
| 9:43 | Queue | Scout Cavalry |
| 9:43 | Queue | Scout Cavalry |
| 9:43 | Queue | Scout Cavalry |
| 9:44 | Queue | Scout Cavalry |
| 9:47 | Queue | Villager (Male) |
| 10:23 | Build | House |
| 10:26 | Research | Town Watch |
| 10:26 | Queue | Villager (Male) |
| 10:29 | Build | House |
| 10:30 | Build | House |
| 11:15 | Queue | Villager (Male) |
| 11:15 | Queue | Villager (Male) |
| 11:19 | Build | Farm |
| 11:19 | Build | Farm |
| 11:20 | Build | Farm |
| 11:20 | Build | Farm |
| 11:20 | Build | Farm |
| 11:20 | Build | Farm |
| 11:21 | Build | Farm |
| 11:25 | Build | Farm |
| 11:49 | Queue | Villager (Male) |
| 11:50 | Queue | Villager (Male) |
| 12:11 | Build | Archery Range |
| 12:16 | Queue | Villager (Male) |
| 12:16 | Queue | Villager (Male) |
| 12:21 | Queue | Villager (Male) |
| 12:21 | Queue | Villager (Male) |
| 12:33 | Build | Palisade Wall |
| 12:38 | Queue | Villager (Male) |
| 12:39 | Queue | Villager (Male) |
| 12:53 | Queue | Villager (Male) |
| 12:59 | Build | Lumber Camp |
| 13:15 | Queue | Villager (Male) |
| 13:17 | Queue | Skirmisher |
| 13:17 | Queue | Archer |
| 13:18 | Queue | Archer |
| 13:20 | Build | House |
| 13:24 | Build | Farm |
| 13:24 | Queue | Villager (Male) |
| 13:38 | Queue | Villager (Male) |
| 13:48 | Queue | Skirmisher |
| 13:48 | Queue | Skirmisher |
| 14:10 | Queue | Villager (Male) |
| 14:11 | Queue | Skirmisher |
| 14:19 | Build | Farm |
| 14:19 | Build | Farm |
| 14:19 | Build | Farm |
| 14:20 | Build | Farm |
| 14:20 | Build | Farm |
| 14:45 | Queue | Skirmisher |
| 14:53 | Research | Wheelbarrow |
| 14:59 | Build | Farm |
| 15:01 | Build | Farm |
| 15:04 | Build | Farm |
| 15:06 | Build | Farm |
| 15:07 | Queue | Villager (Male) |
| 15:10 | Queue | Skirmisher |
| 15:10 | Queue | Skirmisher |
| 15:17 | Research | Horse Collar |
| 15:24 | Queue | Skirmisher |
| 15:31 | Build | House |
| 15:35 | Build | Palisade Wall |
| 15:40 | Build | Palisade Wall |
| 15:41 | Build | Palisade Wall |
| 15:42 | Build | Palisade Wall |
| 15:45 | Queue | Villager (Male) |
| 15:57 | Queue | Skirmisher ×2 |
| 16:01 | Queue | Villager (Male) |
| 16:26 | Build | Blacksmith |
| 16:27 | Build | Palisade Wall |
| 16:35 | Queue | Villager (Male) |
| 16:55 | Build | Mining Camp |
| 16:57 | Queue | Villager (Male) |
| 17:08 | Build | House |
| 17:10 | Build | Palisade Wall |
| 17:19 | Queue | Skirmisher ×2 |
| 17:22 | Queue | Scout Cavalry |
| 17:23 | Queue | Scout Cavalry |
| 17:27 | Queue | Skirmisher |
| 17:39 | Research | Padded Archer Armor |
| 17:39 | Research | Padded Archer Armor |
| 17:43 | Queue | Villager (Male) |
| 18:10 | Queue | Villager (Male) |
| 18:28 | Queue | Villager (Male) |
| 18:35 | Build | Mining Camp |
| 18:44 | Build | Farm |
| 18:57 | Queue | Spearman |
| 19:22 | Build | House |
| 19:26 | Build | House |
| 19:36 | Build | House |
| 19:38 | Build | House |
| 19:43 | Build | House |
| 19:54 | Research | Castle Age |
| 19:54 | Research | Castle Age |
| 20:00 | Build | Stable |
| 20:26 | Research | Fletching |
| 20:27 | Research | Fletching |
| 20:44 | Research | Stone Mining |
| 20:44 | Research | Stone Mining |
| 21:23 | Queue | Scout Cavalry |
| 21:23 | Queue | Scout Cavalry |
Build order — JustPlayer
First 150 of 760 actions detected
| 0:00 | Queue | Villager (Male) |
| 0:01 | Queue | Villager (Male) |
| 0:01 | Queue | Villager (Male) |
| 0:02 | Build | House |
| 0:03 | Build | House |
| 0:05 | Queue | Villager (Male) |
| 0:05 | Queue | Villager (Male) |
| 1:33 | Queue | Villager (Male) |
| 1:33 | Queue | Villager (Male) |
| 1:34 | Queue | Villager (Male) |
| 1:45 | Build | Lumber Camp |
| 1:58 | Queue | Villager (Male) |
| 1:59 | Queue | Villager (Male) |
| 1:59 | Queue | Villager (Male) |
| 2:10 | Build | House |
| 2:15 | Queue | Villager (Male) |
| 2:47 | Queue | Villager (Male) |
| 3:13 | Queue | Villager (Male) |
| 3:32 | Queue | Villager (Male) |
| 4:38 | Queue | Villager (Male) |
| 4:39 | Queue | Villager (Male) |
| 5:00 | Queue | Villager (Male) |
| 5:31 | Queue | Villager (Male) |
| 5:59 | Build | Mill |
| 6:17 | Queue | Villager (Male) |
| 6:20 | Research | Loom |
| 6:38 | Research | Loom |
| 7:01 | Research | Feudal Age |
| 7:13 | Build | Barracks |
| 7:18 | Build | House |
| 7:21 | Build | House |
| 7:39 | Queue | Villager (Male) |
| 8:19 | Build | Mining Camp |
| 8:34 | Queue | Villager (Male) |
| 9:05 | Build | House |
| 9:18 | Age | Feudal Age |
| 9:24 | Build | Archery Range |
| 9:26 | Research | Double-Bit Axe |
| 9:42 | Queue | Villager (Male) |
| 9:51 | Build | Archery Range |
| 9:54 | Queue | Villager (Male) |
| 10:09 | Queue | Archer |
| 10:09 | Queue | Archer |
| 10:15 | Build | House |
| 10:23 | Build | Palisade Wall |
| 10:23 | Build | Palisade Wall |
| 10:34 | Queue | Spearman |
| 10:45 | Build | Mill |
| 10:51 | Queue | Villager (Male) |
| 10:55 | Queue | Spearman |
| 10:58 | Queue | Villager (Male) |
| 11:09 | Queue | Villager (Male) |
| 11:17 | Queue | Archer |
| 11:17 | Queue | Archer |
| 11:18 | Queue | Archer |
| 11:24 | Build | Mill |
| 11:34 | Queue | Villager (Male) |
| 11:39 | Build | House |
| 12:13 | Queue | Archer |
| 12:13 | Queue | Archer |
| 12:15 | Build | House |
| 12:26 | Build | Farm |
| 12:26 | Build | Farm |
| 12:26 | Build | Farm |
| 12:27 | Build | Farm |
| 12:27 | Build | Farm |
| 12:27 | Build | Farm |
| 12:27 | Build | Farm |
| 12:29 | Queue | Villager (Male) |
| 12:29 | Queue | Villager (Male) |
| 12:38 | Build | House |
| 12:41 | Build | Palisade Wall |
| 12:48 | Build | Palisade Wall |
| 12:58 | Build | Farm |
| 13:08 | Queue | Villager (Male) |
| 13:12 | Build | Palisade Wall |
| 13:14 | Build | Palisade Wall |
| 13:17 | Build | Palisade Wall |
| 13:18 | Build | Palisade Wall |
| 13:29 | Build | House |
| 13:31 | Build | House |
| 13:36 | Queue | Villager (Male) |
| 13:37 | Build | House |
| 13:37 | Queue | Archer |
| 13:37 | Queue | Archer |
| 13:38 | Queue | Archer |
| 13:38 | Queue | Archer |
| 13:41 | Build | Farm |
| 13:43 | Build | Farm |
| 13:49 | Build | Palisade Wall |
| 13:51 | Build | Palisade Wall |
| 14:00 | Build | Palisade Wall |
| 14:03 | Queue | Archer |
| 14:04 | Queue | Archer |
| 14:12 | Queue | Villager (Male) |
| 14:14 | Build | Palisade Gate |
| 14:18 | Build | House |
| 14:23 | Build | Palisade Wall |
| 14:25 | Build | Palisade Wall |
| 14:28 | Queue | Villager (Male) |
| 14:37 | Build | Farm |
| 14:46 | Build | Farm |
| 14:50 | Build | House |
| 14:50 | Queue | Villager (Male) |
| 15:00 | Build | Farm |
| 15:04 | Research | Horse Collar |
| 15:12 | Queue | Archer |
| 15:12 | Queue | Archer |
| 15:33 | Build | Palisade Wall |
| 15:36 | Build | Palisade Wall |
| 15:38 | Queue | Archer |
| 15:39 | Queue | Archer |
| 15:39 | Queue | Villager (Male) |
| 15:55 | Build | Palisade Wall |
| 15:57 | Queue | Archer |
| 16:07 | Queue | Villager (Male) |
| 16:09 | Queue | Archer |
| 16:10 | Queue | Archer |
| 16:22 | Queue | Villager (Male) |
| 16:33 | Build | Farm |
| 16:36 | Build | Farm |
| 16:36 | Queue | Villager (Male) |
| 16:37 | Queue | Archer |
| 16:37 | Queue | Archer |
| 16:53 | Queue | Archer |
| 16:54 | Queue | Villager (Male) |
| 17:02 | Build | Farm |
| 17:18 | Queue | Archer |
| 17:29 | Build | Farm |
| 17:30 | Queue | Villager (Male) |
| 17:55 | Queue | Villager (Male) |
| 18:28 | Queue | Villager (Male) |
| 18:39 | Build | Blacksmith |
| 18:47 | Build | Blacksmith |
| 18:57 | Queue | Villager (Male) |
| 19:19 | Research | Castle Age |
| 19:45 | Research | Gold Mining |
| 20:02 | Build | Farm |
| 20:02 | Build | Farm |
| 20:02 | Build | Farm |
| 20:03 | Build | Farm |
| 20:13 | Build | Palisade Wall |
| 20:14 | Build | House |
| 20:19 | Research | Fletching |
| 20:23 | Queue | Villager (Male) |
| 20:37 | Queue | Villager (Male) |
| 20:47 | Queue | Archer |
| 20:48 | Queue | Archer |
| 21:25 | Research | Wheelbarrow |
| 21:30 | Build | Archery Range |
Match timeline
| 7:00 | HellionBlue · wall_segment Palisade Wall x1 |
| 7:13 | JustPlayer · first_building Barracks |
| 7:30 | HellionBlue · first_building Barracks |
| 8:36 | HellionBlue · age_up feudal |
| 8:38 | HellionBlue · first_building Stable |
| 8:47 | HellionBlue · wall_segment Palisade Wall x1 |
| 8:50 | HellionBlue · wall_segment Palisade Wall x1 |
| 9:04 | HellionBlue · wall_segment Palisade Wall x1 |
| 9:18 | JustPlayer · age_up feudal |
| 9:24 | JustPlayer · first_building Archery Range |
| 10:23 | JustPlayer · wall_segment Palisade Wall x1 |
| 10:23 | JustPlayer · wall_segment Palisade Wall x1 |
| 12:11 | HellionBlue · first_building Archery Range |
| 12:33 | HellionBlue · wall_segment Palisade Wall x6 |
| 12:41 | JustPlayer · wall_segment Palisade Wall x1 |
| 12:48 | JustPlayer · wall_segment Palisade Wall x1 |
| 13:12 | JustPlayer · wall_segment Palisade Wall x1 |
| 13:14 | JustPlayer · wall_segment Palisade Wall x1 |
| 13:17 | JustPlayer · wall_segment Palisade Wall x1 |
| 13:18 | JustPlayer · wall_segment Palisade Wall x1 |
| 13:49 | JustPlayer · wall_segment Palisade Wall x1 |
| 13:51 | JustPlayer · wall_segment Palisade Wall x1 |
| 14:00 | JustPlayer · wall_segment Palisade Wall x1 |
| 14:23 | JustPlayer · wall_segment Palisade Wall x1 |
| 14:25 | JustPlayer · wall_segment Palisade Wall x1 |
| 15:33 | JustPlayer · wall_segment Palisade Wall x4 |
| 15:35 | HellionBlue · wall_segment Palisade Wall x11 |
| 15:36 | JustPlayer · wall_segment Palisade Wall x9 |
| 15:40 | HellionBlue · wall_segment Palisade Wall x1 |
| 15:41 | HellionBlue · wall_segment Palisade Wall x1 |
| 15:42 | HellionBlue · wall_segment Palisade Wall x1 |
| 15:55 | JustPlayer · wall_segment Palisade Wall x9 |
| 16:27 | HellionBlue · wall_segment Palisade Wall x1 |
| 17:10 | HellionBlue · wall_segment Palisade Wall x2 |
| 20:13 | JustPlayer · wall_segment Palisade Wall x1 |
| 21:58 | HellionBlue · wall_segment Palisade Wall x1 |
| 21:59 | HellionBlue · wall_segment Palisade Wall x9 |
| 22:00 | JustPlayer · first_building Stable |
| 22:07 | JustPlayer · age_up castle |
| 22:34 | HellionBlue · age_up castle |
| 23:06 | HellionBlue · first_building Castle |
| 24:58 | HellionBlue · first_building Siege Workshop |
| 25:29 | JustPlayer · wall_segment Palisade Wall x10 |
| 26:06 | HellionBlue · wall_segment Stone Wall x6 |
| 26:56 | JustPlayer · wall_segment Palisade Wall x3 |
| 27:06 | HellionBlue · wall_segment Palisade Wall x4 |
| 27:09 | HellionBlue · wall_segment Palisade Wall x7 |
| 28:19 | HellionBlue · wall_segment Palisade Wall x8 |
| 32:11 | HellionBlue · first_building Monastery |
| 33:47 | JustPlayer · wall_segment Stone Wall x15 |
| 34:33 | JustPlayer · wall_segment Stone Wall x14 |
| 35:30 | HellionBlue · first_market_sell 500 food |
| 35:54 | JustPlayer · wall_segment Stone Wall x18 |
| 36:03 | JustPlayer · first_building Monastery |
| 37:46 | HellionBlue · age_up imperial |
| 39:51 | JustPlayer · age_up imperial |
| 40:26 | JustPlayer · first_building Castle |
| 47:14 | JustPlayer · first_market_sell 100 stone |
| 54:48 | JustPlayer · resign |
[ AI ANALYSIS · 1 CREDIT ]
What really happened in this match?
Wolo.gg analyzes every decision: build order, eco, micro, common mistakes by bracket. Personalized analysis on WhatsApp or Discord in 30 seconds.
Civ guide
Mongols
Perfil
Jugador #2698259